AoeStats
← 恆浪蕩

African Clearing

504413034Analyzed
4v4 RM · 26d ago on Sep 5, 2026· 45m 36s· 8 players
Game mode
Random Map
Map size
Large (8 player)
Population
200
Speed
Normal
Resources
Standard
Victory
Conquest
Starting age
Dark Age
Ending age
Imperial Age
RankedLock teamsTeams togetherTeam positionsShared explorationLock speedFull tech treeHidden civsTurbo modeCheats
Victory
Defeat
🇹🇼 Khmer · Taiwan
1558
+15
🇹🇼 Celts · Taiwan
1546
+16
🇦🇷 Teutons · Argentina
1498
+18
🇹🇼 Mongols · Taiwan
1400
+22
🇨🇳 Georgians · China
1632
-21
🇸🇬 Wei · Singapore
1589
-20
🇨🇳 Malay · China
1501
-16
🇨🇳 Italians · China
1444
-14
shenxu
6:08 Loom
13:16 Feudal Age
17:36 Castle Age
15:54 Double-Bit Axe
18:30 Bow Saw
31:20 Sanctity
33:07 Wheelbarrow
35:33 Scale Barding Armor
36:37 Bloodlines
37:53 Fletching
38:18 Husbandry
39:38 Bodkin Arrow
40:40 Sanctity
真的很弱
12:54 Feudal Age
11:45 Loom
16:26 Castle Age
14:27 Double-Bit Axe
15:33 Town Watch
17:33 Bow Saw
23:03 Fletching
27:01 Bodkin Arrow
26:49 Horse Collar
27:53 Wheelbarrow
28:44 Ballistics
29:23 Padded Archer Armor
34:30 Imperial Age
32:46 Murder Holes
33:10 Hand Cart
34:32 Guard Tower
35:22 Bracer
35:54 Conscription
35:47 Scale Barding Armor
36:31 Husbandry
36:42 Bloodlines
37:58 Cavalier
39:25 Chain Barding Armor
40:10 Forging
39:52 Treadmill Crane
41:25 Plate Barding Armor
42:01 Iron Casting
41:24 Gold Mining
41:27 Stone Mining
43:40 Leather Archer Armor
44:10 Stone Shaft Mining
44:17 Hoardings
45:05 Chemistry
45:25 Two-Man Saw
45:52 Ring Archer Armor
44:55 Elite Genoese Crossbowman
PIGGY FOR AGE
4:52 Loom
13:00 Feudal Age
13:31 Double-Bit Axe
15:14 Horse Collar
19:06 Forging
22:23 Fletching
27:37 Castle Age
33:31 Wheelbarrow
36:39 Castle Age
36:04 Bloodlines
36:26 Scale Barding Armor
37:11 Light Cavalry
37:52 Husbandry
42:36 Bow Saw
雀巢阿帆
12:08 Loom
13:54 Feudal Age
18:00 Castle Age
16:34 Horse Collar
16:57 Double-Bit Axe
18:13 Wheelbarrow
17:55 Crossbowman
18:27 Fletching
18:52 Pikeman
19:33 Squires
28:51 Elite Skirmisher
36:26 Imperial Age
34:20 Husbandry
34:27 Scale Barding Armor
34:33 Forging
34:26 Gold Mining
38:23 Heavy Plow
39:14 Bow Saw
41:06 Iron Casting
41:29 Halberdier
kuim
11:27 Feudal Age
12:05 Loom
15:50 Castle Age
14:02 Fletching
15:03 Double-Bit Axe
18:37 Bodkin Arrow
26:34 Padded Archer Armor
29:38 Wheelbarrow
33:43 Imperial Age
31:54 Scale Barding Armor
32:32 Ballistics
33:39 Gold Mining
34:29 Bracer
35:39 Chemistry
37:50 Conscription
40:13 Conscription
39:29 Elite Mangudai
42:36 Conscription
42:29 Bloodlines
42:20 Husbandry
44:09 Parthian Tactics
45:41 Bow Saw
恆浪蕩
4:39 Loom
12:42 Feudal Age
15:57 Castle Age
17:42 Double-Bit Axe
19:12 Husbandry
19:26 Bow Saw
20:13 Horse Collar
25:51 Wheelbarrow
25:47 Gold Mining
25:58 Heavy Plow
27:15 Bloodlines
27:49 Scale Barding Armor
30:06 Gold Shaft Mining
30:18 Forging
31:29 Hand Cart
35:09 Imperial Age
33:37 Chain Barding Armor
33:34 Fortified Wall
33:24 Town Watch
35:30 Iron Casting
36:19 Elite Battle Elephant
38:17 Conscription
37:57 Tusk Swords
40:09 Plate Barding Armor
41:36 Blast Furnace
40:57 Ballistics
40:28 Fletching
41:16 Town Patrol
42:09 Light Cavalry
43:26 Devotion
43:42 Caravan
43:59 Bodkin Arrow
43:57 Hussar
45:56 Crop Rotation
45:52 Masonry
45:49 Bracer
默默默默默
3:37 Loom
14:02 Feudal Age
17:54 Castle Age
16:24 Double-Bit Axe
18:29 Scale Mail Armor
31:44 Horse Collar
32:59 Bow Saw
32:51 Heavy Plow
33:35 Wheelbarrow
36:01 Hand Cart
43:13 Scale Mail Armor
43:24 Forging
42:41 Pikeman
46:15 Imperial Age
43:50 Squires
45:13 Chain Mail Armor
46:37 Iron Casting
friend00792
5:29 Loom
13:12 Feudal Age
17:16 Castle Age
15:35 Double-Bit Axe
18:15 Bow Saw
24:43 Sanctity
30:46 Scale Barding Armor
31:07 Horse Collar
32:05 Wheelbarrow
32:00 Gold Mining
34:08 Gold Shaft Mining
34:44 Chain Barding Armor
37:08 Imperial Age
34:51 Forging
35:30 Husbandry
35:52 Chain Barding Armor
36:47 Hand Cart
36:18 Town Watch
37:12 Cavalier
39:30 Iron Casting
38:44 Paladin
42:15 Blast Furnace
43:46 Fletching
44:18 Ballistics
Connection lost

Rejoining the realm…

Still unreachable

The connection could not be restored.

Session expired

The server has moved on; the page needs a fresh start.